 Dungeon Crawl Stone Soup version 0.29.0-13-gc9e81de378 (webtiles) character file.

Game seed: 10013517976849477491

62 Powertoast the Sneak (level 4, -20/40 HPs)
             Began as a Naga Artificer on Sept 11, 2022.
             Engulfed by a cloud of flame (41 damage)
             ... on level 2 of the Dungeon.
             The game lasted 00:07:21 (2395 turns).

Powertoast the Sneak (Naga Artificer)               Turns: 2395, Time: 00:07:21

Health: -20/40     AC:  3    Str: 14    XL:     4   Next: 8%
Magic:  5/5        EV:  9    Int: 13    God:
Gold:   71         SH:  0    Dex: 12    Spells: 5/5 levels left

rFire   . . .      SeeInvis +   h - +0 short sword
rCold   . . .      Faith    .   (no shield)
rNeg    . . .      Spirit   .   b - +0 leather armour
rPois   +          Reflect  .   (no helmet)
rElec   .          Harm     .   (no cloak)
rCorr   .          Rampage  .   (no gloves)
Will    .....                   (no barding)
Stlth   ++........              (no amulet)
HPRegen 0.13/turn               (no ring)
MPRegen 0.09/turn               (no ring)

@: very slow
A: AC +1, large, see invisible, deformed body, poison resistance, slowness 2,
spit poison 1, naga tail 1
a: Spit Poison


You were on level 2 of the Dungeon.
You visited 1 branch of the dungeon, and saw 2 of its levels.

You collected 71 gold pieces.

Inventory:

Hand Weapons
 g - a +0 mace
 h - a +0 short sword (weapon)
Missiles
 o - 2 javelins
Armour
 b - a +0 leather armour (worn)
 f - a +0 ring mail
Wands
 c - a wand of flame (13)
 d - a wand of charming (15)
 e - a wand of iceblast (5)
Scrolls
 i - a scroll of magic mapping {unknown}
 j - a scroll of poison {unknown}
 k - a scroll of teleportation {unknown}
 m - 2 scrolls of identify {unknown}
Potions
 a - 4 potions of heal wounds {unknown}
 l - 3 potions of lignification {unknown}
 n - 2 potions of degeneration {unknown}


   Skills:
 + Level 2.5 Fighting
 - Level 1.5 Armour
 - Level 0.7 Dodging
 + Level 4.0 Stealth
 + Level 1.0 Spellcasting
 - Level 3.0 Evocations


You had 5 spell levels left.
You didn't know any spells.
Your spell library contained the following spells:

 Spells                   Type           Power      Damage    Failure   Level
 Shock                    Conj/Air       0%         1d3       34%         1
 Swiftness                Air            0%         N/A       71%         3
 Airstrike                Air            0%         2d(0-16)  98%         4
 Malign Gateway           Summ/Tloc      0%         N/A       100%        7
 Summon Horrible Things   Summ           0%         N/A       100%        8


Dungeon Overview and Level Annotations

Branches:
Dungeon (2/15)

Altars:

Shops:
D:1 :


Innate Abilities, Weirdness & Mutations

Your serpentine skin is tough. (AC +1)
You have supernaturally acute eyesight. (SInv)
Armour fits poorly on your strangely shaped body.
Your system is resistant to poisons. (rPois)
You cover ground very slowly.
You can spit poison.
You have a snake-like lower body.


Message History

You see here a ball python skeleton.
There is a stone staircase leading down here.
A kobold comes into view. It is wielding a +0 short sword.
The kobold shouts!
The splash of poison misses the kobold.
You can't do that yet.
You have got your breath back.
The splash of poison hits the kobold!
You kill the kobold!
You have got your breath back.
Things that are here:
a +0 short sword; a kobold corpse
l - 3 bubbling grey potions (gained 1)
There is a stone staircase leading down here.
There is an open door here.
A hobgoblin comes into view.
You can't see any hostile targets in range.
The splash of poison hits the hobgoblin.
The hobgoblin is poisoned.
The hobgoblin is severely wounded.
The hobgoblin shouts!
A rat comes into view.
You have got your breath back.
The splash of poison misses the hobgoblin.
The splash of poison hits the rat.
You kill the rat!
Your Spellcasting skill increases to level 1!
The hobgoblin looks more healthy.
You have got your breath back.
You hit the hobgoblin.
You kill the hobgoblin!
You see here a hobgoblin corpse.
There is an open door here.
Partly explored, can't reach some items and places.
Partly explored, can't reach some items and places.
Really slither into a travel-excluded area?
You are engulfed in blazing flames.
You are engulfed in blazing flames.
Ouch! That really hurt!
You die...

...# #........# #...# .#.#
#...#####.# #...# ...# #.☼.#
#.#####...# ...#### #§○.#
#....##...##### ......# #☼§§#
#.....'...+....
.#.########...#####.##.##...#####
.#.....☼☼§..$$.☼○○..##.##...#
.#####.°°..$$..○○..###.##...#
.......°○....$.°@§...#.##...#
.#...######...######.#.######
##...# #○☼☼# #.#.# ##...# #§☼°#
#.#.# .#...# #☼☼.# #.#.# ####
.###.######...######.#.# ##...
.'....>........<#.##†#.# #..##
.###.#.#........#.##.#.# #.##
.....#.#.#####..#.##.#.# #.#


There were no monsters in sight!

Vanquished Creatures
  2 adders (D:2)
  A dart slug (D:1)
  5 ball pythons
  3 bats (D:1)
  5 goblins
  7 hobgoblins
  4 jackals (D:1)
  3 quokkas
  4 kobolds
  2 rats
36 creatures vanquished.

Vanquished Creatures (others)
  A ball python (D:2)
1 creature vanquished.

Grand Total: 37 creatures vanquished

Notes
Turn   | Place    | Note
-------+----------+-------------------------------------------
     0 | D:1      | Powertoast the Naga Artificer began the quest for the Orb.
     0 | D:1      | Reached XP level 1. HP: 18/18 MP: 1/1
    51 | D:1      | Reached skill level 2 in Stealth
    80 | D:1      | Reached XP level 2. HP: 7/25 MP: 2/2
   711 | D:1      | Reached skill level 3 in Stealth
   794 | D:1      | Found Misupus's Book Emporium.
   999 | D:1      | Reached XP level 3. HP: 32/32 MP: 3/3
  1836 | D:2      | Reached skill level 4 in Stealth
  1836 | D:2      | Reached XP level 4. HP: 14/40 MP: 5/5
  2163 | D:2      | Reached skill level 1 in Spellcasting
  2395 | D:2      | Engulfed by a cloud of flame

Illustrated notes

Levels and vault maps discovered:
D:1:      dpeg_arrival_radiant, layout_loops_cross, serial_shops, shop
D:2:      layout_basic, lemuel_flame_loot_1

Skill      XL: |  1  2  3  4 |
---------------+-------------+-----
Stealth        | 2 3 4 |  4.0
Fighting       | 2 |  2.5
Spellcasting   | 1 |  1.0
Armour         | |  1.5
Dodging        | |  0.7
Evocations     | |  3.0

Action                   |  1- 3 |  4- 6 || total
-------------------------+-------+-------++-------
Melee: Club              |    13 |       ||    13
       Mace              |    17 |       ||    17
       Short sword       |    26 |     1 ||    27
 Abil: Spit Poison       |    45 |     4 ||    49
Evoke: Wand              |     2 |       ||     2
Armor: Leather armour    |    16 |       ||    16
Dodge: Dodged            |    51 |       ||    51
